 Dungeon Crawl Stone Soup version 0.29.0-4-gdea44cf6ec (webtiles) character file.

Game seed: 11787915524820835592

210 apoch the Chopper (level 5, -1/47 HPs)
             Began as a Hill Orc Fighter on Aug 27, 2022.
             Was an Initiate of Ashenzari.
             Slain by an orc priest
             ... wielding a +4 mace of protection
              (2 damage)
             ... on level 3 of the Dungeon.
             The game lasted 00:04:18 (2056 turns).

apoch the Chopper (Hill Orc Fighter)                Turns: 2056, Time: 00:04:19

Health: -1/47      AC: 10    Str: 21    XL:     5   Next: 87%
Magic:  5/5        EV:  7    Int:  8    God:    Ashenzari [......]
Gold:   62         SH:  4    Dex: 10    Spells: 4/4 levels left

rFire   . . .      SeeInvis .   a - +0 war axe
rCold   . . .      Faith    .   c - +0 buckler
rNeg    . . .      Spirit   .   j - +0 chain mail of the Bound Entitlement {Elem, Range} (curse)
rPois   .          Reflect  .   l - +0 helmet
rElec   .          Harm     .   (no cloak)
rCorr   .          Rampage  .   (no gloves)
Will    .....                   (no boots)
Stlth   ..........              (no amulet)
HPRegen 0.15/turn               (no ring)
MPRegen 0.09/turn               (no ring)

@: no status effects
A: no striking features
a: Renounce Religion, Convert to Beogh, Shatter the Chains


You were on level 3 of the Dungeon.
You worshipped Ashenzari.
Ashenzari was noncommittal.
You visited 1 branch of the dungeon, and saw 3 of its levels.

You collected 62 gold pieces.

Inventory:

Hand Weapons
 a - a +0 war axe (weapon)
Armour
 b - a +0 scale mail
 c - a +0 buckler (worn)
 j - the cursed +0 chain mail of the Bound Entitlement (worn) {Elem, Range}
   (You found it on level 2 of the Dungeon)

   It has a curse which improves the following skills: Elements: Fire Magic, Ice
   Magic, Air Magic and Earth Magic.
   Ranged Combat: Ranged Weapons and Throwing.
 l - a +0 helmet (worn)
Scrolls
 d - 2 scrolls of torment {unknown}
 f - a scroll of enchant armour {unknown}
 g - a scroll of immolation {unknown}
 h - 2 scrolls of identify {unknown}
 k - a scroll of teleportation {unknown}
Potions
 e - a potion of heal wounds {unknown}
 i - 4 potions of curing {unknown}


   Skills:
 - Level 4.7 Fighting
 + Level 5.1 Axes
 - Level 4.3 Armour
 - Level 4.3 Shields


You had 4 spell levels left.
You didn't know any spells.
Your spell library was empty.

Dungeon Overview and Level Annotations

Branches:
Dungeon (3/15)

Altars:
Ashenzari
Wu Jian

Shops:
D:1 :


Message History

The orc barely misses you.
You slash the kobold!
You kill the kobold!
You barely miss the orc. The orc barely misses you.
You slash the orc!
You kill the orc!
A goblin comes into view. It is wielding a +0 dagger.
No target in range!
No target in range!
No target in range!
You closely miss the orc priest.
The orc priest hits you with a +4 mace of protection.
An endoplasm comes into view.
The orc priest barely misses you.
You closely miss the orc priest. You closely miss the orc.
You block the orc's attack.
The orc priest hits you with a +4 mace of protection.
You closely miss the orc priest. You closely miss the orc.
The orc hits you but does no damage. You block the orc priest's attack.
You closely miss the orc priest. You slash the orc!
You kill the orc!
The orc priest hits you with a +4 mace of protection!
The goblin hits you but does no damage.
The orc priest invokes the aid of Beogh against you.
Beogh smites you!
* * * LOW HITPOINT WARNING * * *
You hit the orc priest.
The orc priest is lightly wounded.
You barely miss the goblin.
The orc priest mumbles some strange prayers to Beogh against you.
Beogh smites you!
* * * LOW HITPOINT WARNING * * *
The goblin hits you but does no damage.
The orc priest threatens, "By the altar or by the axe, you will meet Beogh!"
You hit the orc priest.
The orc priest is heavily wounded.
The orc priest shouts, "Surrender to Beogh and we'll let you live!"
You hit the endoplasm but do no damage. You barely miss the goblin.
The orc priest hits you with a +4 mace of protection.
You die...

.##. ..#.#
..#.#
#...#
#.....
#...#
.(_..
....#
...##...#
#..#..#
.##.##gJ.#
......o@<#
.#..####)#
#.# #.#
#.# #.#
... #$#


You could see an orc priest, an endoplasm and a goblin.

Vanquished Creatures
  Sigmund (D:2)
  A worm (D:2)
  6 orcs
  4 ball pythons
  5 endoplasms
  3 hobgoblins
  2 jackals (D:1)
  5 kobolds
  4 bats
  4 frilled lizards
  3 rats
38 creatures vanquished.

Notes
Turn   | Place    | Note
-------+----------+-------------------------------------------
     0 | D:1      | apoch the Hill Orc Fighter began the quest for the Orb.
     0 | D:1      | Reached XP level 1. HP: 19/19 MP: 1/1
   326 | D:1      | Found Wahaup's Book Emporium.
   418 | D:1      | You fall into a shaft and drop 1 floor!
   534 | D:2      | Noticed Sigmund
   540 | D:2      | Killed Sigmund
   541 | D:2      | Reached skill level 4 in Axes
   541 | D:2      | Reached XP level 2. HP: 21/28 MP: 2/2
   541 | D:2      | Reached XP level 3. HP: 26/34 MP: 3/3
   541 | D:2      | Reached XP level 4. HP: 32/41 MP: 4/4
   541 | D:2      | Reached XP level 5. HP: 36/47 MP: 5/5
   996 | D:2      | Found a faded altar of an unknown god.
  1011 | D:2      | Prayed at the altar of an unknown god.
  1011 | D:2      | Became a worshipper of Ashenzari the Shackled
  2027 | D:3      | Found an ornate altar of the Wu Jian Council.
  2042 | D:2      | Reached skill level 5 in Axes
  2055 | D:3      | HP: 1/47 [orc priest/divine providence (12)]
  2056 | D:3      | Slain by an orc priest

Illustrated notes

Levels and vault maps discovered:
D:1:      matt_arrival_refuge, layout_basic, serial_shops, shop,
          minmay_misc_feat_iff, minmay_pentomino_r4
D:2:      layout_basic, ebering_ecumenical_altar_sacrificial, st_stairs_12,
          uniq_sigmund
D:3:      layout_loops_ring, mainiacjoe_overflow_catwalk,
          mainiacjoe_overflow_small_starburst, st_stairs_6, uniq_terence

Skill      XL: |  1  2  3  4  5 |
---------------+----------------+-----
Fighting       | 4 |  4.7
Axes           | 4 5 |  5.1
Armour         | 4 |  4.3
Shields        | 4 |  4.3

Action                   |  1- 3 |  4- 6 || total
-------------------------+-------+-------++-------
Melee: War axe           |    19 |    66 ||    85
Throw: Stone             |       |     8 ||     8
Invok: Curse Item        |       |     1 ||     1
  Use: Potion            |     1 |       ||     1
Armor: Scale mail        |     5 |     1 ||     6
       Chain mail        |       |    41 ||    41
Dodge: Dodged            |    11 |    27 ||    38
Block: Buckler           |     3 |    19 ||    22
